 Dungeon Sprint DCSS version 0.26-a0-1021-gda264ca44c (webtiles) character file.

Game seed: 593854643764106766

25 mhtbhm the Covered (level 3, -7/24 HPs)
             Began as a Gargoyle Fighter on Dec 8, 2020.
             Mangled by an ogre
             ... wielding a +0 giant club
              (24 damage)
             ... in the Dungeon (Sprint I: "Red Sonja").
             The game lasted 00:00:10 (96 turns).

mhtbhm the Covered (Gargoyle Fighter)                 Turns: 96, Time: 00:00:11

Health: -7/24      AC: 10    Str: 20    XL:     3   Next: 4%
Magic:  3/3        EV:  7    Int:  8    God:
Gold:   0          SH:  9    Dex:  9    Spells: 2/2 levels left

rFire    . . .     SeeInvis .   a - +0 flail
rCold    . . .     Faith    .   c - +0 kite shield
rNeg     + . .     Spirit   .   b - +0 scale mail
rPois    ∞         Reflect  .   (no helmet)
rElec    +         Harm     .   (no cloak)
rCorr    .         Rampage  .   (no gloves)
Will     .....     NoTele   +   (no boots)
Stlth    ..........             (no amulet)
HPRegen  0.08/turn              (no ring)
MPRegen  0.08/turn              (no ring)

@: hasted, very quick
A: negative energy resistance 1, electricity resistance, unbreathing,
petrification resistance, rot immunity, AC +3
a: no special abilities


You were in the Dungeon.
You visited 1 branch

Inventory:

Hand Weapons
 a - a +0 flail (weapon)
Armour
 b - a +0 scale mail (worn)
 c - a +0 kite shield (worn)
Scrolls
 j - a scroll of blinking
Potions
 d - a potion of might
 e - a potion of curing
 h - 2 potions of magic
 i - a potion of berserk rage


   Skills:
 + Level 4.6 Fighting
 + Level 2.6 Maces & Flails
 + Level 4.8 Armour
 + Level 0.1 Dodging
 + Level 4.7 Shields


You had 2 spell levels left.
You didn't know any spells.
Your spell library was empty.

Dungeon Overview and Level Annotations

Branches:
Dungeon (1/1)

Altars:


Innate Abilities, Weirdness & Mutations

You are resistant to torment.
Your stone body is resilient. (AC +3)
You are immune to poison.
You resist negative energy. (rN+)
You are resistant to electric shocks. (rElec)
You can survive without breathing.
You are immune to petrification.
You are immune to rotting.


Message History

You are too injured to fight recklessly!
You are too injured to fight recklessly!
You are too injured to fight recklessly!
You are too injured to fight recklessly!
You are too injured to fight recklessly!
You are too injured to fight recklessly!
You are too injured to fight recklessly!
You are too injured to fight recklessly!
You are too injured to fight recklessly!
You are too injured to fight recklessly!
You feel yourself speed up. The ogre barely misses you.
You feel much better.
You hit the ogre.
The ogre is heavily wounded.
The ogre hits you with a +0 giant club!
You hit the ogre.
The ogre is severely wounded.
The ogre hits you with a +0 giant club!!
Ouch! That really hurt!
You die...

##########
#<.#..@O.#
#..').#..+
#..#####+#
#..# #..#
#..# #⌠⌠#
####


You could see an ogre.

Vanquished Creatures
  Ijyb (D)
1 creature vanquished.

Notes
Turn   | Place    | Note
-------+----------+-------------------------------------------
     0 | D        | mhtbhm the Gargoyle Fighter began the quest for the Orb.
     0 | D        | Reached XP level 1. HP: 14/14 MP: 1/1
     2 | D        | Noticed Ijyb
    20 | D        | Killed Ijyb
    21 | D        | Reached XP level 2. HP: 15/20 MP: 2/2
    21 | D        | Reached XP level 3. HP: 19/24 MP: 3/3
    85 | D        | Noticed an ogre
    92 | D        | HP: 1/24 [ogre/+0 giant club (13)]
    96 | D        | Mangled by an ogre

Illustrated notes

Levels and vault maps discovered:
D:        dungeon_sprint_1 [red_sonja_temple_1, red_sonja_temple_small_1]

Skill      XL: |  1 |
---------------+----+-----
Fighting       | 4 |  4.6
Armour         | 4 |  4.8
Shields        | 4 |  4.7
Maces & Flails | |  2.6
Dodging        | |  0.1

Action                   || total
-------------------------++-------
Melee: Flail             ||    25
  Use: Potion            ||     2
Armor: Scale mail        ||    13
Dodge: Dodged            ||     6
Block: Kite shield       ||     7

Table legend: (Time is in decaauts)
 A = Elapsed time spent in this place.
 B = Non-inter-level travel time spent in this place.
 C = Inter-level travel time spent in this place.
 D = Time resting spent in this place.
 E = Time spent auto-exploring this place.
 F = Levels seen in this place.
 G = Mean time per level.
                   A        B        C        D        E       F      G
               +--------+--------+--------+--------+--------+-----+--------+
         Total |    104 |    104 |      0 |     61 |      0 |   1 |  104.0 |
       Dungeon |    104 |    104 |      0 |     61 |      0 |   1 |  104.0 |
               +--------+--------+--------+--------+--------+-----+--------+

Top non-repeatable levels by time:
       D: 104 daAuts
